 Dungeon Crawl Stone Soup version 0.30-a0-339-g89bb51ec76 (webtiles) character file.

Game seed: 1807871309537608806

34 freelancePsychic the Shooter (level 3, -1/33 HPs)
             Began as a Naga Hunter on Oct 31, 2022.
             Slain by a goblin
             ... wielding a +0 club
             ... led by Robin
              (6 damage)
             ... on level 1 of the Dungeon.
             The game lasted 00:01:43 (826 turns).

freelancePsychic the Shooter (Naga Hunter)           Turns: 826, Time: 00:01:43

Health: -1/33      AC:  2    Str: 13    XL:     3   Next: 31%
Magic:  3/3        EV:  9    Int:  9    God:
Gold:   63         SH:  0    Dex: 16    Spells: 2/2 levels left

rFire   . . .      SeeInvis +    a - +0 shortbow
rCold   . . .      Faith    .    (shield currently unavailable)
rNeg    . . .      Spirit   .    c - +0 leather armour
rPois   +          Reflect  .    (no helmet)
rElec   +          Harm     .    (no cloak)
rCorr   .          Rampage  .    (no gloves)
Will    .....                    (no barding)
Stlth   ++........               (no amulet)
HPRegen 0.25/turn                (no ring)
MPRegen 0.08/turn                (no ring)

@: short of breath, unable to read, very slow
A: AC +1, large, see invisible, deformed body, poison resistance, slowness 2,
spit poison 2, naga tail 1, electricity resistance, inability to read after
injury 1
a: Breathe Poison Gas


You were on level 1 of the Dungeon.
You visited 1 branch of the dungeon, and saw 2 of its levels.

You collected 63 gold pieces.

Inventory:

Hand Weapons
 a - a +0 shortbow (weapon)
Armour
 c - a +0 leather armour (worn)
Jewellery
 k - a ring of magical power
Scrolls
 b - a scroll of immolation
 d - 2 scrolls of vulnerability {unknown}
 e - a scroll of teleportation {unknown}
 g - a scroll of magic mapping {unknown}
 i - a scroll of fog {unknown}
 j - 2 scrolls of identify {unknown}
Potions
 h - a potion of degeneration {unknown}


   Skills:
 + Level 2.4 Fighting
 * Level 4.1 Ranged Weapons
 - Level 1.5 Dodging
 + Level 2.7 Stealth


You had 2 spell levels left.
You didn't know any spells.
Your spell library was empty.

Dungeon Overview and Level Annotations

Branches:
Dungeon (2/15)

Altars:

Annotations:
D:2 Robin


Innate Abilities, Weirdness & Mutations

Your serpentine skin is tough. (AC +1)
You have supernaturally acute eyesight. (SInv)
Armour fits poorly on your strangely shaped body.
Your system is resistant to poisons. (rPois)
You cover ground very slowly.
You can exhale a cloud of poison.
You have a snake-like lower body.
You are resistant to electric shocks. (rElec)
You occasionally lose the ability to read scrolls when taking damage.


Message History

The goblin barely misses you. The goblin hits you with a +0 club.
You shoot an arrow. The arrow completely misses the goblin.
Robin says, "Feeling lonely?"
The goblin hits you but does no damage. x2; The goblin hits you with a +0 club. x2
You are too injured to fight recklessly!
You are too injured to fight recklessly!
You are too injured to fight recklessly!
You are too injured to fight recklessly!
You are too injured to fight recklessly!
You are too injured to fight recklessly!
You are too injured to fight recklessly!
You are too injured to fight recklessly!
You are too injured to fight recklessly!
You are too injured to fight recklessly!
You are too injured to fight recklessly!
You are too injured to fight recklessly!
You are too injured to fight recklessly!
You are too injured to fight recklessly!
Robin roars a battlecry!
The goblins go into a battle-frenzy!
The goblin hits you with a +0 club. The goblin barely misses you.
You hear a shout! x2
You climb upwards.
There is a stone staircase leading down here.
Aiming: Spit Poison (2% risk of failure)
Press: ? - help, Shift-Dir - straight line, f - goblin
Aim: a goblin, wielding a +0 club (strong, 50% to hit)
The splash of poison misses the goblin.
The goblin hits you with a +0 club. x2
The goblin attacks as you move away! The goblin hits you with a +0 club.
* * * LOW HITPOINT WARNING * * *
The goblin hits you with a +0 club.
* * * LOW HITPOINT WARNING * * *
Okay, then.
It was a potion of mutation.
You feel extremely strange.
There is a nasty taste in your mouth for a moment.
You occasionally lose the ability to read scrolls when taking damage.
You feel insulated. The goblin hits you with a +0 club.
You feel threatened and lose the ability to read scrolls!
You die...

######.....#
####....# ##..###.#
#....##.# #..## #.##
##.#####.# #.## #..#
#........#
#.###########
##.#.######
#...≈≈≈.....###..#.#
###########.##..##.#
#.##g###.#
#..@g....#
##########


You could see 2 goblins.

Vanquished Creatures
  An adder (D:2)
  An endoplasm (D:2)
  A giant cockroach (D:1)
  5 goblins
  4 hobgoblins
  2 quokkas
  A ball python (D:2)
  2 bats
  6 rats
23 creatures vanquished.

Notes
Turn   | Place    | Note
-------+----------+-------------------------------------------
     0 | D:1      | freelancePsychic the Naga Hunter began the quest for the
                  | Orb.
     0 | D:1      | Reached XP level 1. HP: 19/19 MP: 1/1
   150 | D:1      | Reached XP level 2. HP: 20/26 MP: 2/2
   631 | D:2      | Noticed Robin
   667 | D:2      | Reached skill level 4 in Ranged Weapons
   715 | D:2      | Reached XP level 3. HP: 25/33 MP: 3/3
   826 | D:1      | Gained mutation: You can exhale a cloud of poison. [potion
                  | of mutation]
   826 | D:1      | Gained mutation: You occasionally lose the ability to read
                  | scrolls when taking damage. [potion of mutation]
   826 | D:1      | Gained mutation: You are resistant to electric shocks.
                  | (rElec) [potion of mutation]
   826 | D:1      | Slain by a goblin

Illustrated notes

Levels and vault maps discovered:
D:1:      lightli_arrival_statue_moat, layout_basic, corexii_corridor_pit
D:2:      layout_rooms, serial_shops, shop, eino_curves_03, uniq_robin

Skill      XL: |  1  2 |
---------------+-------+-----
Stealth        | 2 |  2.7
Ranged Weapons | 4 |  4.1
Fighting       | |  2.4
Dodging        | |  1.5

Action                   || total
-------------------------++-------
 Fire: Shortbow          ||    55
 Abil: Spit Poison       ||     2
  Use: Potion            ||     1
Armor: Leather armour    ||     8
Dodge: Dodged            ||    11

Table legend: (Time is in decaauts)
 A = Elapsed time spent in this place.
 B = Non-inter-level travel time spent in this place.
 C = Inter-level travel time spent in this place.
 D = Time resting spent in this place.
 E = Time spent auto-exploring this place.
 F = Levels seen in this place.
 G = Mean time per level.
                   A        B        C        D        E       F      G
               +--------+--------+--------+--------+--------+-----+--------+
         Total |   1115 |   1063 |     52 |     50 |    803 |   2 |  557.5 |
       Dungeon |   1115 |   1063 |     52 |     50 |    803 |   2 |  557.5 |
               +--------+--------+--------+--------+--------+-----+--------+

Top non-repeatable levels by time:
     D:1: 823 daAuts
     D:2: 292 daAuts
